 Dungeon Crawl Stone Soup version 0.30.0-5-g1a98f26d00 (webtiles) character file.

Game seed: 17003697399698591352

1153 Edyrem the Fighter (level 8, -2/54 HPs)
             Began as a Gargoyle Monk on May 10, 2023.
             Slain by Duvessa
             ... wielding a +0 short sword of speed
              (5 damage)
             ... on level 4 of the Dungeon.
             The game lasted 00:10:31 (3239 turns).

Edyrem the Fighter (Gargoyle Monk)                  Turns: 3239, Time: 00:10:32

Health: -2/54      AC: 13    Str: 18    XL:     8   Next: 38%
Magic:  8/8        EV: 11    Int: 10    God:
Gold:   127        SH:  0    Dex: 12    Spells: 7/7 levels left

rFire   + . .        a - +0 mace
rCold   + . .        (no shield)
rNeg    + . .        n - +1 ring mail {rC+}
rPois   ∞            s - +1 helmet
rElec   +            m - scarf {repulsion}
rCorr   .            (no gloves)
SInv    .            (no boots)
Will    .....        (no amulet)
Stlth   +            t - ring of protection from fire
HPRegen 0.29/turn    (no ring)
MPRegen 0.11/turn

%: repel missiles
@: no status effects
A: sickness immunity, AC +5, negative energy resistance 1, electricity
resistance, torment resistance 1, petrification resistance
a: no special abilities


You were on level 4 of the Dungeon.
You visited 1 branch of the dungeon, and saw 4 of its levels.
You also visited: Ossuary.

You collected 127 gold pieces.

Inventory:

Hand Weapons
 a - a +0 mace (weapon)
 b - a +1 war axe
Missiles
 v - 5 poisoned darts (quivered)
 x - 2 throwing nets
Armour
 d - an orb of light
 i - a +0 chain mail
 m - a scarf of repulsion (worn)
 n - a +1 ring mail of cold resistance (worn)
 s - a +1 helmet (worn)
Jewellery
 t - a ring of protection from fire (left hand)
Wands
 c - a wand of flame (7)
Scrolls
 g - a scroll of noise
 p - 3 scrolls of identify {@r1}
 w - 3 scrolls of teleportation
Potions
 f - 2 potions of invisibility {unknown}
 h - 2 potions of degeneration {unknown}
 j - a potion of heal wounds {unknown}
 l - 6 potions of curing {unknown}
 q - a potion of lignification {unknown}
 r - 3 potions of attraction {unknown}
 z - 3 potions of mutation {unknown}
 A - 2 potions of haste {unknown}
 C - a potion of brilliance {unknown}
 D - a potion of magic {unknown}


   Skills:
 + Level 8.2 Fighting
 + Level 7.5 Maces & Flails
 - Level 2.4 Dodging


You had 7 spell levels left.
You didn't know any spells.
Your spell library contained the following spells:

 Spells                   Type           Power      Damage    Failure   Level
 Ozocubu's Armour         Ice            0%         N/A       90%         3
 Stone Arrow              Conj/Erth      0%         3d7       90%         3
 Animate Armour           Summ/Erth      0%         N/A       100%        4
 Metabolic Englaciation   Hex/Ice        0%         N/A       100%        5
 Simulacrum               Ice/Necr       0%         N/A       100%        6
 Lehudib's Crystal Spear  Conj/Erth      0%         10d2      100%        8


Dungeon Overview and Level Annotations

Branches:
Dungeon (4/15)            Ossuary (visited)
 Temple: D:4-7

Altars:
Cheibriados

Annotations:
D:4 Duvessa, Eustachio


Innate Abilities, Weirdness & Mutations

You are immune to sickness and miasma.
Your stone body is resilient. (AC +5)
You are immune to poison.
You resist negative energy. (rN+)
You are resistant to electric shocks. (rElec)
You are resistant to unholy torment.
You are immune to petrification.


Message History

Press: ? - help, Shift-Dir - straight line, f - Duvessa
Aim: Duvessa, wielding a +0 short sword of speed and wearing a +0 chain mail (moderately wounded, berserk, haloed, 87% to hit)
The puff of flame hits Duvessa but does no damage.
Duvessa is moderately wounded.
Duvessa barely misses you. Duvessa misses you.
Blink to where?
Press: ? - help, Dir - move target, p - Duvessa
As you read the scroll of blinking, it crumbles to dust.
As you read the scroll of fog, it crumbles to dust.
The scroll dissolves into smoke.
Duvessa closely misses you. Duvessa hits you but does no damage.
Duvessa barely misses you. Duvessa hits you but does no damage.
Keep disrobing?
You start removing your armour.
You continue taking off your orb of light.
Duvessa closely misses you. Duvessa barely misses you.
You continue taking off your orb of light.
Duvessa hits you with a +0 short sword of speed.
* * * LOW HITPOINT WARNING * * *
Eustachio mumbles some strange words.
Eustachio blinks!
Duvessa barely misses you.
You continue taking off your orb of light.
Duvessa hits you with a +0 short sword of speed.
* * * LOW HITPOINT WARNING * * *
Duvessa closely misses you.
You continue taking off your orb of light.
Duvessa hits you but does no damage.
Duvessa hits you with a +0 short sword of speed.
* * * LOW HITPOINT WARNING * * *
Duvessa barely misses you.
You finish taking off your orb of light.
Duvessa rages.
Duvessa completely misses you. Duvessa attacks as you move away!
Duvessa hits you with a +0 short sword of speed.
* * * LOW HITPOINT WARNING * * *
Duvessa barely misses you. Duvessa attacks as you move away!
Duvessa hits you with a +0 short sword of speed.
You die...

#......#.................#.##
.....####..........#..#.####
#..........#.........####
......................#.####
##...#.##........###§§...#.##
##.)#..#..##....§§§§§......##
#...#...........§§§§§.##....#.##
#............#§§#@#§§#####S....#
....#.......).#.@e§§#§.# ###e...
####........<.§§##§.§..##### ...
#.#............§##..).†.# ..
..#..........#####)####.@.# .
#.......##... #..# #....
##...#######....## ... ##.. ##..
. ... ... ### ....


You could see Eustachio and Duvessa (berserk).

Vanquished Creatures
  Sigmund (D:4)
  An elf zombie (Ossuary)
  A scorpion (D:4)
  Dowan (D:4)
  4 centaur zombies (Ossuary)
  7 human zombies (Ossuary)
  A jelly (D:4)
  An orc priest (D:3)
  An iron imp (D:3)
  Jessica (D:2)
  Natasha (twice) (D:3)
  Terence (D:2)
  2 orc wizards
  3 mummies (Ossuary)
  11 adders
  2 worms (D:3)
  4 dart slugs
  5 orcs
  9 ball pythons
  11 endoplasms
  3 giant cockroaches
  10 goblins
  9 hobgoblins
  8 jackals (D:1)
  4 bats
  4 frilled lizards
  5 kobolds
  2 rats (D:2)
114 creatures vanquished.

Notes
Turn   | Place    | Note
-------+----------+-------------------------------------------
     0 | D:1      | Edyrem the Gargoyle Monk began the quest for the Orb.
     0 | D:1      | Reached XP level 1. HP: 14/14 MP: 1/1
   103 | D:1      | Reached XP level 2. HP: 19/19 MP: 2/2
   328 | D:1      | Reached XP level 3. HP: 24/24 MP: 3/3
   384 | D:1      | Reached skill level 4 in Fighting
   739 | D:2      | Reached XP level 4. HP: 23/30 MP: 4/4
   770 | D:2      | Noticed Terence
   804 | D:2      | Killed Terence
   805 | D:2      | Reached XP level 5. HP: 23/34 MP: 5/5
  1167 | D:2      | Noticed Jessica
  1176 | D:2      | Killed Jessica
  1177 | D:2      | Reached skill level 5 in Fighting
  1998 | D:3      | Noticed Natasha
  2007 | D:3      | Killed Natasha
  2008 | D:3      | Reached skill level 5 in Maces & Flails
  2008 | D:3      | Reached XP level 6. HP: 28/40 MP: 6/6
  2172 | D:3      | Noticed Natasha
  2178 | D:3      | Killed Natasha
  2179 | D:3      | Reached skill level 6 in Fighting
  2303 | D:3      | Found a snail-covered altar of Cheibriados.
  2498 | D:4      | Reached XP level 7. HP: 35/47 MP: 7/7
  2543 | D:4      | Noticed Sigmund
  2551 | D:4      | Killed Sigmund
  2662 | D:4      | Found a sand-covered staircase.
  2675 | Ossuary  | Entered an ossuary
  2695 | Ossuary  | Reached skill level 7 in Fighting
  2826 | Ossuary  | Reached XP level 8. HP: 49/53 MP: 8/8
  2903 | Ossuary  | Reached skill level 8 in Fighting
  3165 | D:4      | Noticed Dowan
  3186 | D:4      | Killed Dowan
  3219 | D:4      | Noticed Duvessa
  3225 | D:4      | Noticed Eustachio
  3238 | D:4      | HP: 2/54 [Duvessa/+0 short sword of speed (6)]
  3239 | D:4      | Slain by Duvessa

Illustrated notes

Levels and vault maps discovered:
D:1:      dpeg_arrival_windows_large_door, layout_basic
D:2:      layout_loops_ring, st_stairs_9, minivault_26, uniq_jessica,
          uniq_terence
D:3:      layout_basic, slow_altar_2, uniq_natasha
D:4:      layout_rooms, nicolae_ashenzari_panopticon,
          nicolae_ossuary_entry_ruins, nicolae_figureground_pulse,
          uniq_eustachio, uniq_sigmund, uniq_duvessa

Skill      XL: |  1  2  3  4  5  6  7  8 |
---------------+-------------------------+-----
Fighting       | 4 5 6 7 8 |  8.2
Maces & Flails | 4 5 6 7 |  7.5
Dodging        | |  2.4

Action                     |  1- 3 |  4- 6 |  7- 9 || total
---------------------------+-------+-------+-------++-------
  Melee: Mace              |    74 |   186 |   199 ||   459
         Hand axe          |     8 |     5 |       ||    13
         War axe           |       |       |    11 ||    11
  Evoke: Wand              |       |       |     1 ||     1
    Use: Potion            |       |     1 |       ||     1
         Scroll            |       |       |    11 ||    11
 Armour: Robe              |    15 |       |       ||    15
         Chain mail        |    47 |    31 |       ||    78
         Ring mail         |       |    98 |   108 ||   206
  Dodge: Dodged            |    60 |   131 |   106 ||   297
         Repelled          |       |     2 |     4 ||     6
